 Dungeon Crawl Stone Soup version 0.21.1-1-g345015fe64 (webtiles) character file.

54 Gargoyl the Skirmisher (level 3, 0/31 HPs)
             Began as a Centaur Abyssal Knight on June 15, 2018.
             Was a Follower of Lugonu.
             Slain by a worm (4 damage)
             ... on level 2 of the Dungeon.
             The game lasted 00:02:12 (1606 turns).

Gargoyl the Skirmisher (Centaur Abyssal Knight)     Turns: 1606, Time: 00:02:12

Health: 0/31       AC:  5    Str: 14    XL:     3   Next: 66%
Magic:  4/4        EV:  9    Int: 11    God:    Lugonu [*.....]
Gold:   62         SH:  3    Dex:  9    Spells: 2/2 levels left

rFire    . . .     SeeInvis .   a - +1 hand axe
rCold    . . .     Gourm    .   (no shield)
rNeg     . . .     Faith    .   b - +0 leather armour
rPois    .         Spirit   .   k - +0 helmet
rElec    .         Reflect  +   (no cloak)
rCorr    .         Harm     .   (no gloves)
MR       .....                  (no barding)
Stlth    ..........             e - +3 amulet of reflection
HPRegen  0.10/turn              (no ring)
MPRegen  0.09/turn              (no ring)

@: lethally poisoned (0 -> -3), very quick
A: large, hooves 3, deformed body, speed 2, tough skin 3
a: Depart the Abyss, Renounce Religion


You were on level 2 of the Dungeon.
You worshipped Lugonu.
Lugonu was aware of your devotion.
You were not hungry.

You visited 1 branch of the dungeon, and saw 2 of its levels.
You visited the Abyss 1 time.

You collected 62 gold pieces.

Inventory:

Hand Weapons
 a - a +1 hand axe (weapon)
Armour
 b - a +0 leather armour (worn)
 k - a +0 helmet (worn)
Jewellery
 e - a +3 amulet of reflection (around neck)
Scrolls
 d - 2 scrolls of identify {unknown}
 f - a scroll of random uselessness {unknown}
 g - a scroll of immolation {unknown}
 h - a scroll of remove curse {unknown}
 i - 2 scrolls of fear {unknown}
 l - a scroll of enchant weapon {unknown}
Potions
 j - a potion of curing
Comestibles
 c - 3 rations


   Skills:
 + Level 3.4 Fighting
 + Level 2.2 Axes
 * Level 2.0 Armour
 + Level 1.0 Dodging
 * Level 2.4 Invocations


You had 2 spell levels left.
You didn't know any spells.

Dungeon Overview and Level Annotations

Branches:
Dungeon (2/15)

Altars:


Innate Abilities, Weirdness & Mutations

You have hooves in place of feet.
Armour fits poorly on your strangely shaped body.
You cover ground very quickly.
You have extremely tough skin. (AC +3)


Message History

Unknown command.
You hit the adder but do no damage. You hit the worm. The adder bites you.
You are poisoned.
The adder poisons you! The worm bites you!
* * * LOW HITPOINT WARNING * * *
You hit the adder.
The adder is heavily wounded.
You hit the worm. You barely miss the rat.
You feel sick. The adder bites you.
* * * LOW HITPOINT WARNING * * *
You block the rat's attack. The adder closely misses you.
You hit the adder.
You kill the adder!
Lugonu accepts your kill.
Your Armour skill increases to level 2!
You closely miss the rat. You hit the worm but do no damage.
* * * LOW HITPOINT WARNING * * *
You feel sick. The rat bites you.
* * * LOW HITPOINT WARNING * * *
The worm bites you.
You die...

##.....##
#.........
#.########
#.# #.# #.#
#########.##
......r....#
......†@...#
......w....#
...........#
...........#
...........+
...........#
...........#
...........#


You could see a worm and a rat.

Vanquished Creatures
  A gnoll (D:1)
  An adder (D:2)
  An ooze (D:2)
  2 giant cockroaches (D:1)
  2 goblins
  5 hobgoblins
  3 jackals (D:1)
  2 kobolds (D:1)
  9 bats (D:1)
  5 rats
31 creatures vanquished.

Notes
Turn   | Place    | Note
-------+----------+-------------------------------------------
     0 | Abyss:1  | Gargoyl the Centaur Abyssal Knight began the quest for the Orb.
     0 | Abyss:1  | Reached XP level 1. HP: 19/19 MP: 2/2
    98 | Abyss:2  | Noticed a starcursed mass
   102 | D:1      | Escaped the Abyss
   245 | D:1      | Reached * piety under Lugonu
   373 | D:1      | Reached XP level 2. HP: 22/26 MP: 3/3
  1072 | D:1      | Reached skill level 1 in Dodging
  1072 | D:1      | Reached XP level 3. HP: 13/31 MP: 4/4
  1606 | D:2      | Slain by a worm

Skill      XL: |  1  2  3 |
---------------+----------+-----
Axes           | 2 |  2.2
Dodging        | 1 |  1.0
Armour         | 2 |  2.0
Fighting       | |  3.4
Invocations    | |  2.4

Action                   || total
-------------------------++-------
Melee: Hand axe          ||    85
       Kick              ||     9
Invok: Depart the Abyss  ||     1
  Use: Potion            ||     2
       Scroll            ||     1
  Eat: Chunk             ||     1
Armor: Leather armour    ||    61
Dodge: Dodged            ||    52
Block: Other             ||    17
